 Dungeon Crawl Stone Soup version 0.28-a0-620-g539b0f7ac7 (webtiles) character file.

Game seed: 9352993609200877626

14644 Armakuni the Arsonist (level 12, -16/88 HPs)
             Began as a Human Artificer on Oct 6, 2021.
             Was a Believer of Vehumet.
             Demolished by a sun demon (25 damage)
             ... in a volcano.
             The game lasted 00:38:40 (14282 turns).

Armakuni the Arsonist (Human Artificer)            Turns: 14282, Time: 00:38:41

Health: -16/88     AC:  6    Str: 17    XL:     12   Next: 47%
Magic:  5/20       EV: 12    Int: 14    God:    Vehumet [**....]
Gold:   300        SH:  0    Dex: 20    Spells: 13/22 levels left

rFire   + + +      SeeInvis .   a - staff of fire
rCold   + . .      Faith    .   (no shield)
rNeg    . . .      Spirit   .   C - +0 robe "Sebyimay" {rF++ rC+ Str+2}
rPois   .          Reflect  .   f - +1 helmet
rElec   .          Harm     .   e - +0 cloak
rCorr   .          Rampage  .   (no gloves)
Will    .....                   I - +0 pair of boots
Stlth   ++........              A - amulet of the acrobat
HPRegen 0.24/turn               W - ring of wizardry
MPRegen 0.17/turn               D - +6 ring of dexterity

@: no status effects
A: no striking features
a: Renounce Religion


You were in a volcano.
You worshipped Vehumet.
Vehumet was pleased with you.
You visited 3 branches of the dungeon, and saw 12 of its levels.
You also visited: Sewer and Volcano.

You collected 546 gold pieces.
You spent 246 gold pieces at shops.

Inventory:

Hand Weapons
 b - a +2 hunting sling of flaming
 i - a +2 whip of electrocution
Missiles
 v - 61 sling bullets
Armour
 d - a scarf of harm
 e - a +0 cloak (worn)
 f - a +1 helmet (worn)
 C - the +0 robe "Sebyimay" (worn) {rF++ rC+ Str+2}
   (You bought it in a shop on level 3 of the Dungeon)

   Str:       It affects your strength (+2).
   rF:        It greatly protects you from fire.
   rC:        It protects you from cold.
 I - a +0 pair of boots (worn)
 L - +0 steam dragon scales
Magical Staves
 a - a staff of fire (weapon)
Jewellery
 j - a ring of see invisible
 o - a ring of fire
 A - an amulet of the acrobat (around neck)
 D - a +6 ring of dexterity (right hand)
 W - a ring of wizardry (left hand)
Wands
 k - a wand of digging (4)
 m - a wand of polymorph (7)
Scrolls
 n - 2 scrolls of enchant armour
 s - 4 scrolls of magic mapping
 u - a scroll of teleportation
 w - 2 scrolls of torment
 y - a scroll of fog
 B - a scroll of fear
 F - 5 scrolls of vulnerability
Potions
 c - 3 potions of attraction
 g - 2 potions of curing
 q - 2 potions of might
 r - 2 potions of heal wounds
 z - a potion of degeneration {unknown}
 E - 2 potions of resistance {unknown}
 G - a potion of flight {unknown}
 H - a potion of lignification {unknown}
Miscellaneous
 p - a box of beasts (inert)
 x - a piece from Xom's chessboard (15/15)


   Skills:
 - Level 6.0 Fighting
 - Level 6.0 Staves
 + Level 2.6 Armour
 + Level 1.9 Dodging
 - Level 1.0 Stealth
 - Level 5.8 Spellcasting
 - Level 7.8 Conjurations
 - Level 10.0 Fire Magic
 - Level 3.0 Earth Magic
 - Level 10.0 Evocations


You had 13 spell levels left.
You knew the following spells:

 Your Spells              Type           Power      Damage    Failure   Level
s - Sticky Flame          Conj/Fire      43%        2d6       1%          4
w - Wereblood             Tmut           4%         N/A       10%         2
z - Stone Arrow           Conj/Erth      38%        3d9       2%          3

Your spell library contained the following spells:

 Spells                   Type           Power      Damage    Failure   Level
 Magic Dart               Conj           100%       1d8       1%          1
 Conjure Flame            Conj/Fire      43%        6-21      1%          3
 Ignite Poison            Fire/Tmut/Pois 20%        N/A       4%          3
 Beastly Appendage        Tmut           8%         N/A       6%          1
 Corpse Rot               Necr/Air       N/A        N/A       10%         2
 Poisonous Vapours        Pois/Air       8%         N/A       10%         2
 Sublimation of Blood     Necr           2%         N/A       10%         2
 Call Canine Familiar     Summ           4%         N/A       19%         3
 Ozocubu's Armour         Ice            4%         N/A       19%         3
 Portal Projectile        Hex/Tloc       8%         N/A       19%         3
 Spider Form              Tmut/Pois      2%         N/A       19%         3
 Leda's Liquefaction      Hex/Erth       4%         N/A       32%         4
 Lee's Rapid Deconstruct  Erth           6%         3d7*      45%         5
 Summon Ice Beast         Ice/Summ       4%         N/A       52%         4
 Metabolic Englaciation   Hex/Ice        2%         N/A       85%         5
 Summon Mana Viper        Hex/Summ       4%         N/A       85%         5
 Statue Form              Tmut/Erth      5%         N/A       99%         6
 Simulacrum               Ice/Necr       2%         N/A       100%        6
 Monstrous Menagerie      Summ           2%         N/A       100%        7
 Summon Hydra             Summ           2%         N/A       100%        7
 Lehudib's Crystal Spear  Conj/Erth      9%         10d4      100%        8
 Chain Lightning          Conj/Air       7%         3d10      100%        9


Dungeon Overview and Level Annotations

Branches:
Dungeon (8/15)             Temple (1/1) D:7            Lair (3/6) D:8
 Spider (0/4) Lair:2        Sewer (visited)         Volcano (1/1)
  Swamp: Lair:2-4    Shoals: Lair:2-4

Altars:
Cheibriados
Dithmenos
Elyvilon
Fedhas
Gozag
Hepliaklqana
Kikubaaqudgha
Makhleb
Nemelex Xobeh
Okawaru
Qazlal
Ru
Sif Muna
Trog
Uskayaw
Vehumet
Wu Jian
Xom
Yredelemnul
Zin
The Shining One

Shops:
D:3 *   D:6 (

Annotations:
D:8 2 runed translucent doors, qborf's ghost, novice FeEn; sanka's ghost, novice PaAK


Message History

Confirm with . or Enter, or press ? or * to list all spells.
Aiming: Stone Arrow (mildly dangerous; 2% risk of failure)
Press: ? - help, Shift-Dir - straight line, f/p - sun demon
Aim: a sun demon (almost dead, 60% to hit)
The stone arrow misses the sun demon.
The sun demon hits you.
You are engulfed in flames.
You resist. The sun demon hits you!!
You are engulfed in flames.
You resist.
Casting: Stone Arrow (mildly dangerous; 2% risk of failure)
Confirm with . or Enter, or press ? or * to list all spells.
Aiming: Stone Arrow (mildly dangerous; 2% risk of failure)
Press: ? - help, Shift-Dir - straight line, f/p - sun demon
Aim: a sun demon (almost dead, 60% to hit)
The stone arrow misses the sun demon.
The sun demon hits you but does no damage.
Casting: Stone Arrow (mildly dangerous; 2% risk of failure)
Confirm with . or Enter, or press ? or * to list all spells.
Aiming: Stone Arrow (mildly dangerous; 2% risk of failure)
Press: ? - help, Shift-Dir - straight line, f/p - sun demon
Aim: a sun demon (almost dead, 60% to hit)
The stone arrow hits the sun demon.
The sun demon is almost dead.
The sun demon barely misses you.
Casting: Stone Arrow (mildly dangerous; 2% risk of failure)
Confirm with . or Enter, or press ? or * to list all spells.
Aiming: Stone Arrow (mildly dangerous; 2% risk of failure)
Press: ? - help, Shift-Dir - straight line, f/p - sun demon
Aim: a sun demon (almost dead, 60% to hit)
The stone arrow misses the sun demon.
The sun demon hits you!!
* * * LOW HITPOINT WARNING * * *
You are engulfed in flames.
You resist.
* * * LOW HITPOINT WARNING * * *
Casting: Stone Arrow (mildly dangerous; 2% risk of failure)
Confirm with . or Enter, or press ? or * to list all spells.
Aiming: Stone Arrow (mildly dangerous; 2% risk of failure)
Press: ? - help, Shift-Dir - straight line, f/p - sun demon
Aim: a sun demon (almost dead, 60% to hit)
The stone arrow hits the sun demon.
The sun demon is almost dead.
The sun demon hits you!!
You die...

.........##..§...#.#§§.#
......§.#####....#.§≈..#
......§.# ##.§§#§§§§§#
.#.#...## #####.≈..##
.####### #.#..# ##*****
#...## **,8,** ##...#
**,,,,,** ##...##
*,,,≈.,,########@...#
*,,≈≈≈..#8..8..3...##
,,,≈≈§..'.........##
,,,≈≈≈..'........##
*,,≈≈§..#8..8...##
*,,,≈.,,#########
**,,,,,** **,8,** *****


You could see a sun demon.

Vanquished Creatures
  A hydra (Lair:1)
  4 sun demons (Volcano)
  A wolf spider (Lair:2)
  A centaur zombie (D:6)
  A cyclops (D:7)
  A black mamba (Lair:2)
  2 cane toads (Lair:2)
  2 smoke demons (Volcano)
  2 rime drakes
  A komodo dragon (Lair:1)
  3 blink frogs (Lair:1)
  Sigmund (D:2)
  11 yaks
  3 wyverns
  4 steam dragons (Volcano)
  4 water moccasins
  4 hell hounds (Volcano)
  2 ice beasts
  2 sky beasts (D:7)
  2 orc warriors
  2 ogres
  A black bear (D:3)
  6 wolves (Lair:3)
  5 centaurs
  Blork the orc (D:6)
  4 bullfrogs
  A gnoll sergeant (D:7)
  3 scorpions
  A wyvern zombie (D:8)
  5 wights
  3 killer bees
  An electric eel (D:6)
  5 howler monkeys
  A bullfrog zombie (D:6)
  2 bullfrog skeletons (D:4)
  2 centaur skeletons
  An orc priest (D:8)
  3 hounds
  An iguana (D:6)
  6 orc wizards
  A howler monkey zombie (D:6)
  8 gnolls
  A howler monkey skeleton (D:6)
  10 adders
  A river rat (Sewer)
  2 ufetubi
  2 worms
  2 dart slugs
  15 orcs
  10 endoplasms
  8 giant cockroaches
  A goblin (D:2)
  8 hobgoblins
  3 jackals (D:2)
  11 kobolds
  6 quokkas
  8 ball pythons
  3 bats
  3 frilled lizards
  A jackal skeleton (D:4)
  8 rats
218 creatures vanquished.

Vanquished Creatures (collateral kills)
  2 blink frogs (Lair:1)
  A hell hound (Volcano)
  A wight (D:6)
  A howler monkey (D:8)
  2 orc priests (D:6)
7 creatures vanquished.

Vanquished Creatures (others)
  An orc warrior (D:8)
  A yak (Lair:1)
  A centaur (D:6)
  A killer bee (D:8)
  A wight (D:6)
  2 orc priests (D:6)
  22 fungi
  17 plants
46 creatures vanquished.

Grand Total: 271 creatures vanquished

Notes
Turn   | Place    | Note
-------+----------+-------------------------------------------
     0 | D:1      | Armakuni the Human Artificer began the quest for the Orb.
     0 | D:1      | Reached XP level 1. HP: 15/15 MP: 1/1
   315 | D:1      | Got Iskenderun's Catalogue of Battle Magic
   590 | D:1      | Reached XP level 2. HP: 13/22 MP: 2/2
  1151 | D:2      | Reached XP level 3. HP: 28/28 MP: 3/3
  1490 | D:2      | Learned a level 3 spell: Stone Arrow
  1507 | D:2      | Found a faded altar of an unknown god.
  1564 | D:2      | Reached skill level 1 in Spellcasting
  1564 | D:2      | Reached XP level 4. HP: 33/35 MP: 4/6
  1710 | D:2      | Noticed Sigmund
  1728 | D:2      | Killed Sigmund
  1729 | D:2      | Reached XP level 5. HP: 26/41 MP: 7/7
  1729 | D:2      | Reached XP level 6. HP: 30/47 MP: 8/8
  1734 | D:2      | Learned a level 4 spell: Sticky Flame
  1998 | D:2      | Found a shadowy altar of Dithmenos.
  2278 | D:3      | Found Teade's Assorted Antiques.
  2529 | D:3      | Found a glowing drain.
  2533 | Sewer    | Entered a sewer
  2998 | D:3      | Noticed a black bear
  3004 | D:3      | Killed a black bear
  3005 | D:3      | Reached XP level 7. HP: 52/52 MP: 9/9
  3588 | D:4      | Reached skill level 5 in Conjurations
  3588 | D:4      | Reached skill level 1 in Fire Magic
  4140 | D:4      | Reached XP level 8. HP: 58/58 MP: 12/12
  4238 | D:5      | Entered Level 5 of the Dungeon
  4814 | D:5      | Found a radiant altar of Vehumet.
  5549 | D:5      | Became a worshipper of Vehumet
  5767 | D:6      | Reached skill level 5 in Fire Magic
  5772 | D:6      | Reached skill level 5 in Spellcasting
  5772 | D:6      | Reached XP level 9. HP: 39/64 MP: 12/16
  6059 | D:6      | Noticed Blork the orc
  6066 | D:6      | Killed Blork the orc
  6477 | D:6      | Found Jatiavau's Antique Weapon Shop.
  6740 | D:3      | Bought a dark potion for 18 gold pieces
  6740 | D:3      | Bought a scroll labelled XEEBEA TERUGIWK for 20 gold pieces
  6740 | D:3      | Bought an inky potion for 18 gold pieces
  6740 | D:3      | Bought an inky potion for 18 gold pieces
  6740 | D:3      | Bought a lumpy grey potion for 18 gold pieces
  6740 | D:3      | Bought a creamy pearl robe for 114 gold pieces
  6740 | D:3      | Identified the +0 robe "Sebyimay" {rF++ rC+ Str+2} (You
                  | bought it in a shop on level 3 of the Dungeon)
  6740 | D:3      | Bought a scroll of identify for 40 gold pieces
  7309 | D:7      | Learned a level 2 spell: Wereblood
  7547 | D:7      | Reached skill level 1 in Staves
  7610 | D:7      | Found a sparkling altar of Nemelex Xobeh.
  7701 | D:7      | Reached XP level 10. HP: 54/71 MP: 13/18
  7797 | D:7      | Reached * piety under Vehumet
  7797 | D:7      | Offered knowledge of Shock by Vehumet.
  7909 | D:7      | Found a snail-covered altar of Cheibriados.
  7909 | D:7      | Found an iron altar of Okawaru.
  7913 | D:7      | Found a hide-covered altar of Uskayaw.
  7914 | D:7      | Found a bloodstained altar of Trog.
  7946 | D:7      | Found a staircase to the Ecumenical Temple.
  8108 | D:7      | Noticed a cyclops
  8125 | D:7      | Killed a cyclops
  8309 | Temple   | Entered the Ecumenical Temple
  9239 | D:8      | Reached skill level 5 in Fighting
  9346 | D:8      | Found a large runed translucent door.
  9346 | D:8      | Found a large runed translucent door.
  9346 | D:8      | Noticed a vault warden
  9346 | D:8      | Noticed qborf's ghost (novice FeEn)
  9346 | D:8      | Noticed sanka's ghost (novice PaAK)
  9346 | D:8      | Noticed a vault warden
  9464 | D:8      | Reached skill level 5 in Evocations
  9746 | D:8      | Found a blossoming altar of Fedhas.
  9810 | D:8      | Found a staircase to the Lair.
  9927 | Lair:1   | Entered Level 1 of the Lair of Beasts
  9952 | Lair:1   | Killed a blink frog
  9957 | Lair:1   | Killed a blink frog
 10060 | Lair:1   | Noticed a five-headed hydra
 10073 | Lair:1   | Reached XP level 11. HP: 69/81 MP: 19/19
 10080 | Lair:1   | Killed a five-headed hydra
 10081 | Lair:1   | Reached skill level 5 in Staves
 11941 | Lair:2   | Found a hole to the Spider Nest.
 11941 | Lair:2   | Noticed a wolf spider
 11950 | Lair:2   | Killed a wolf spider
 13016 | Lair:3   | Reached XP level 12. HP: 53/88 MP: 3/20
 13017 | Lair:3   | Found a dark tunnel.
 13022 | Lair:3   | Reached ** piety under Vehumet
 13049 | Volcano  | Entered a volcano
 13336 | Volcano  | Offered knowledge of Magic Dart by Vehumet.
 13346 | Volcano  | Noticed a sun demon
 13354 | Volcano  | Killed a sun demon
 13728 | Volcano  | Noticed a sun demon
 13732 | Volcano  | Reached skill level 10 in Fire Magic
 13746 | Volcano  | Killed a sun demon
 14053 | Volcano  | Noticed a sun demon
 14076 | Volcano  | Killed a sun demon
 14082 | Volcano  | Noticed a sun demon
 14096 | Volcano  | Killed a sun demon
 14097 | Volcano  | Reached skill level 10 in Evocations
 14264 | Volcano  | Noticed a sun demon
 14282 | Volcano  | Demolished by a sun demon

Illustrated notes

Levels and vault maps discovered:
D:1:      dpeg_arrival_boxes_within_box, layout_basic
D:2:      layout_basic, shapermc_ecumenical_altar_venn, basic_altar,
          minmay_cut_off, uniq_sigmund
D:3:      layout_basic, gup_sewer_entry_bowl, serial_shops, shop,
          chequers_mini_garden
D:4:      layout_rooms
D:5:      layout_cave_pools, mainiacjoe_overflow_surrounded_room,
          minmay_a_box_with_orc_wizards_in_it
D:6:      layout_loops_cross, serial_shops, nicolae_shop_stone, minivault_4,
          uniq_blork_the_orc
D:7:      layout_loops_cross, minitemple, temple_doors_e, dk_noncrumbling_3
D:8:      layout_loops_ring, mainiacjoe_overflow_chevrons,
          grunt_lair_entry_orc_guard_hut, advil_vaults_ghost_guards
Temple:   nicolae_temple_great_sept
Lair:1:   layout_concentric_octagons
Lair:2:   layout_small_grid, spider_nest_entry_rubble
Lair:3:   layout_regular_city, enter_volcano_1
Volcano:  hellmonk_smoking_crater

Skill      XL: |  1  2  3  4  5  6  7  8  9 10 11 12 |
---------------+-------------------------------------+-----
Fighting       | 2 3 5 6 |  6.0
Spellcasting   | 1 2 5 |  5.8
Conjurations   | 2 4 5 7 |  7.8
Earth Magic    | 2 3 |  3.0
Fire Magic     | 2 5 6 9 10 | 10.0
Staves         | 1 4 6 |  6.0
Evocations     | 5 8 10 | 10.0
Armour         | |  2.6
Dodging        | |  1.9
Stealth        | |  1.0

Action                   |  1- 3 |  4- 6 |  7- 9 | 10-12 || total
-------------------------+-------+-------+-------+-------++-------
Melee: Club              |    31 |     5 |     3 |       ||    39
       Hunting sling     |       |       |     1 |       ||     1
       Staff             |       |       |       |    86 ||    86
 Fire: Hunting sling     |    49 |    98 |   197 |    20 ||   364
 Cast: Sticky Flame      |       |       |    15 |    51 ||    66
       Stone Arrow       |       |       |    29 |    95 ||   124
Evoke: Piece from Xom's  |     8 |     3 |     2 |     1 ||    14
       Wand              |     3 |     3 |    15 |    22 ||    43
       Box of beasts     |       |       |       |     1 ||     1
  Use: Scroll            |     2 |     3 |     5 |     7 ||    17
       Potion            |       |       |       |    12 ||    12
 Stab: Paralysed         |     4 |       |       |       ||     4
       Sleeping          |     2 |       |       |       ||     2
       Confused          |     1 |       |       |       ||     1
       Petrified         |       |     3 |       |       ||     3
Armor: Leather armour    |    13 |    15 |    46 |       ||    74
       Robe              |       |       |     1 |    41 ||    42
Dodge: Dodged            |    24 |    27 |    51 |   123 ||   225

Table legend: (Time is in decaauts)
 A = Elapsed time spent in this place.
 B = Non-inter-level travel time spent in this place.
 C = Inter-level travel time spent in this place.
 D = Time resting spent in this place.
 E = Time spent auto-exploring this place.
 F = Levels seen in this place.
 G = Mean time per level.
                   A        B        C        D        E       F      G
               +--------+--------+--------+--------+--------+-----+--------+
         Total |  14439 |  13824 |    615 |   4376 |   6787 |  14 | 1031.4 |
       Dungeon |   9546 |   8971 |    575 |   2500 |   4638 |   8 | 1193.2 |
        Temple |     85 |     75 |     10 |      0 |     63 |   1 |   85.0 |
          Lair |   3117 |   3087 |     30 |    930 |   1775 |   3 | 1039.0 |
         Sewer |    458 |    458 |      0 |     68 |    185 |   1 |  458.0 |
       Volcano |   1231 |   1231 |      0 |    878 |    126 |   1 | 1231.0 |
               +--------+--------+--------+--------+--------+-----+--------+

Top non-repeatable levels by time:
     D:7: 2034 daAuts
  Lair:2: 1839 daAuts
     D:6: 1300 daAuts
 Volcano: 1231 daAuts
  Lair:1: 1219 daAuts
     D:2: 1173 daAuts
     D:4: 1141 daAuts
     D:1: 1123 daAuts
     D:5: 1109 daAuts
     D:3: 841 daAuts
     D:8: 823 daAuts
   Sewer: 458 daAuts
  Temple: 85 daAuts
  Lair:3: 57 daAuts
